 Dungeon Crawl Stone Soup version 0.28-a0-823-gb444dcf96d (webtiles) character file.

Game seed: 12532510576126838946

135 bande the Covered (level 5, -1/33 HPs)
             Began as a Gargoyle Fighter on Nov 9, 2021.
             Killed by nerve-wracking pain
             ... invoked by Grinder
              (5 damage)
             ... in the Ecumenical Temple.
             The game lasted 00:03:32 (2815 turns).

bande the Covered (Gargoyle Fighter)                Turns: 2815, Time: 00:03:33

Health: -1/33      AC: 12    Str: 21    XL:     5   Next: 18%
Magic:  5/5        EV:  9    Int:  8    God:
Gold:   90         SH:  4    Dex:  9    Spells: 4/4 levels left

rFire   . . .      SeeInvis .   a - +0 war axe
rCold   . . .      Faith    .   c - +0 buckler
rNeg    + . .      Spirit   .   b - +0 scale mail
rPois   ∞          Reflect  .   g - +0 helmet
rElec   +          Harm     .   (no cloak)
rCorr   .          Rampage  .   (no gloves)
Will    .....                   (no boots)
Stlth   ..........              (no amulet)
HPRegen 0.11/turn               (no ring)
MPRegen 0.09/turn               (no ring)

@: mighty
A: sickness immunity, AC +4, negative energy resistance 1, electricity
resistance, torment resistance 1, petrification resistance
a: no special abilities


You were in the Ecumenical Temple.
You visited 2 branches of the dungeon, and saw 5 of its levels.

You collected 90 gold pieces.

Inventory:

Hand Weapons
 a - a +0 war axe (weapon)
 i - a +2 flail of venom
Armour
 b - a +0 scale mail (worn)
 c - a +0 buckler (worn)
 g - a +0 helmet (worn)
Jewellery
 f - a ring of magical power
Scrolls
 e - 4 scrolls of identify
 j - a scroll of noise {unknown}
Potions
 h - 2 potions of curing


   Skills:
 + Level 3.9 Fighting
 + Level 3.1 Axes
 + Level 4.2 Armour
 + Level 4.1 Shields


You had 4 spell levels left.
You didn't know any spells.
Your spell library contained the following spells:

 Spells                   Type           Power      Damage    Failure   Level
 Beastly Appendage        Tmut           0%         N/A       75%         1
 Wereblood                Tmut           0%         N/A       86%         2
 Gell's Gravitas          Tloc           0%         N/A       98%         3
 Spider Form              Tmut/Pois      0%         N/A       98%         3
 Teleport Other           Tloc           0%         N/A       98%         3
 Dispersal                Tloc           0%         N/A       100%        6


Dungeon Overview and Level Annotations

Branches:
Dungeon (4/15)             Temple (1/1) D:4

Altars:
Nemelex Xobeh
Zin

Shops:
D:2 =

Annotations:
Temple Grinder


Innate Abilities, Weirdness & Mutations

You are immune to sickness and miasma.
Your stone body is resilient. (AC +4)
You are immune to poison.
You resist negative energy. (rN+)
You are resistant to electric shocks. (rElec)
You are resistant to unholy torment.
You are immune to petrification.


Message History

Grinder blinks!
There is a staircase to the Ecumenical Temple here.
Grinder hits you.
* * * LOW HITPOINT WARNING * * *
You climb downwards.
Welcome to the Ecumenical Temple!
Found a sparkling altar of Nemelex Xobeh.
There is a staircase back to the Dungeon here.
You feel better. Grinder hits you.
* * * LOW HITPOINT WARNING * * *
You writhe in agony.
* * * LOW HITPOINT WARNING * * *
You feel better. Grinder closely misses you.
You feel very mighty all of a sudden. Grinder gestures at you.
You suddenly lose the ability to move!
Grinder hits you!
Grinder says, "What is the universe for?"
Grinder gestures at you.
You shrug off the repeated paralysis!
Grinder gestures at you.
You barely resist.
You can move again.
You hit Grinder.
Grinder is heavily wounded.
Grinder closely misses you.
You closely miss Grinder.
Grinder is heavily wounded.
Grinder gestures at you. Pain shoots through your body!
* * * LOW HITPOINT WARNING * * *
You closely miss Grinder.
Grinder is heavily wounded.
You block Grinder's attack. Grinder gestures at you.
You shrug off the repeated paralysis!
You completely miss Grinder.
Grinder is heavily wounded.
Grinder gestures at you. Pain shoots through your body!
You die...

... ._..
...b#
....#
#...#####
#......#
#.5...#
#..@..#
#.....#
#.....#
#######


You could see Grinder.

Vanquished Creatures
  Terence (D:3)
  5 adders
  3 worms
  2 dart slugs (D:2)
  An orc (D:3)
  4 bats
  3 endoplasms
  3 giant cockroaches
  3 goblins
  4 hobgoblins
  2 jackals (D:3)
  6 kobolds
  A quokka (D:2)
  5 ball pythons
  4 frilled lizards
  7 rats
54 creatures vanquished.

Notes
Turn   | Place    | Note
-------+----------+-------------------------------------------
     0 | D:1      | bande the Gargoyle Fighter began the quest for the Orb.
     0 | D:1      | Reached XP level 1. HP: 14/14 MP: 1/1
   313 | D:1      | Reached XP level 2. HP: 19/19 MP: 2/2
   779 | D:1      | Found a faded altar of an unknown god.
   992 | D:2      | Reached XP level 3. HP: 17/23 MP: 3/3
  1228 | D:2      | Found Dunu's Jewellery Shop.
  1491 | D:2      | Reached XP level 4. HP: 24/29 MP: 4/4
  2178 | D:3      | Noticed Terence
  2189 | D:3      | Killed Terence
  2292 | D:3      | Reached XP level 5. HP: 23/33 MP: 5/5
  2711 | D:3      | Found a glowing silver altar of Zin.
  2789 | D:4      | Noticed Grinder
  2789 | D:4      | Found a staircase to the Ecumenical Temple.
  2793 | D:4      | Paralysed by Grinder for 3 turns
  2805 | Temple   | Entered the Ecumenical Temple
  2808 | Temple   | Paralysed by Grinder for 4 turns
  2815 | Temple   | Killed from afar by Grinder

Illustrated notes

Levels and vault maps discovered:
D:1:      saegor_arrival_miasma, layout_loops_ring,
          chequers_ecumenical_altar_grove
D:2:      layout_loops_ring, serial_shops, shop, chequers_arboretum
D:3:      layout_basic, zin_statuary, st_stairs_8, uniq_terence
D:4:      layout_gridville, minmay_temple_entry_butterflies,
          hangedman_decor_opposing, kennysheep_path_1, uniq_eustachio,
          uniq_grinder
Temple:   minmay_crystal_spiral_temple

Skill      XL: |  1  2  3  4  5 |
---------------+----------------+-----
Axes           | 2 3 |  3.1
Shields        | 4 |  4.1
Armour         | 4 |  4.2
Fighting       | |  3.9

Action                   |  1- 3 |  4- 6 || total
-------------------------+-------+-------++-------
Melee: War axe           |    82 |   114 ||   196
  Use: Scroll            |     1 |     5 ||     6
       Potion            |       |     3 ||     3
Armor: Scale mail        |    40 |    54 ||    94
Dodge: Dodged            |    29 |    57 ||    86
Block: Buckler           |    15 |    29 ||    44

Table legend: (Time is in decaauts)
 A = Elapsed time spent in this place.
 B = Non-inter-level travel time spent in this place.
 C = Inter-level travel time spent in this place.
 D = Time resting spent in this place.
 E = Time spent auto-exploring this place.
 F = Levels seen in this place.
 G = Mean time per level.
                   A        B        C        D        E       F      G
               +--------+--------+--------+--------+--------+-----+--------+
         Total |   2888 |   2808 |     80 |      0 |   2270 |   5 |  577.6 |
       Dungeon |   2877 |   2797 |     80 |      0 |   2270 |   4 |  719.2 |
        Temple |     10 |     10 |      0 |      0 |      0 |   1 |   10.0 |
               +--------+--------+--------+--------+--------+-----+--------+

Top non-repeatable levels by time:
     D:2: 1163 daAuts
     D:1: 931 daAuts
     D:3: 764 daAuts
     D:4: 18 daAuts
  Temple: 10 daAuts
